 Dungeon Crawl Stone Soup version 0.29-a0-653-gd47aff6735 (webtiles) character file.

Game seed: 11091806525817485784

85276 buhh the Sharpshooter (level 16, -14/122 HPs)
             Began as a Formicid Hunter on June 21, 2022.
             Was a High Priest of Hepliaklqana.
             Demolished by a spriggan defender
             ... wielding a +5 demon whip of electrocution
              (25 damage)
             ... on level 4 of the Depths.
             The game lasted 01:33:29 (31233 turns).

buhh the Sharpshooter (Formicid Hunter)            Turns: 31233, Time: 01:33:30

Health: -14/122    AC: 12    Str: 27    XL:     16   Next: 30%
Magic:  16/22      EV: 13    Int: 14    God:    Hepliaklqana [*****.]
Gold:   2747       SH: 14    Dex: 25    Spells: 13/15 levels left

rFire   + + +      SeeInvis +   v - +0 arbalest
rCold   + . .      Faith    .   I - +0 kite shield {reflect}
rNeg    . . .      Spirit   .   p - +3 leather armour {rF+}
rPois   +          Reflect  +   (helmet unavailable)
rElec   +          Harm     .   O - +0 cloak of Ashenzari's Scorn {rF+ Will+ Str+4}
rCorr   +          Rampage  .   x - +0 pair of gloves {Stlth+}
Will    ++...                   r - +0 pair of boots
Stlth   +++.......              c - amulet of the acrobat
HPRegen 0.30/turn               Y - +6 ring of strength
MPRegen 0.18/turn               M - +6 ring of dexterity

@: mighty, silenced, resistant, invisible (expiring)
A: reduced essence, permanent stasis, dig shafts and tunnels, antennae 3, four
strong arms
a: Dig, Shaft Self, Renounce Religion


You were on level 4 of the Depths.
You worshipped Hepliaklqana.
Hepliaklqana was extremely pleased with you.
You visited 4 branches of the dungeon, and saw 25 of its levels.
You visited the Abyss 1 time.
You also visited: Ossuary.

You collected 3186 gold pieces.
You spent 439 gold pieces at shops.

Inventory:

Hand Weapons
 v - a +0 arbalest (weapon)
Missiles
 i - 9 boomerangs
 E - 6 curare-tipped darts
 S - a throwing net {!f}
Armour
 m - a +0 leather armour of willpower
 n - a +1 cloak of preservation
 p - a +3 leather armour of fire resistance (worn)
 r - a +0 pair of boots (worn)
 x - a +0 pair of gloves of stealth (worn)
 I - a +0 kite shield of reflection (worn)
 O - the +0 cloak of Ashenzari's Scorn (worn) {rF+ Will+ Str+4}
   (You found it on level 3 of the Lair of Beasts)

   Str:       It affects your strength (+4).
   rF:        It protects you from fire.
   Will:      It increases your willpower.
Jewellery
 b - a +4 ring of protection
 c - an amulet of the acrobat (around neck)
 h - an amulet of regeneration
 t - a +4 ring of evasion
 u - a +6 ring of intelligence
 w - a ring of wizardry
 A - a +6 ring of intelligence
 D - a +6 ring of intelligence
 G - an amulet of magic regeneration
 M - a +6 ring of dexterity (right hand)
 Y - a +6 ring of strength (left hand)
Wands
 a - a wand of charming (14)
 d - a wand of flame (29)
 j - a wand of quicksilver (4)
 z - a wand of mindburst (11)
 F - a wand of iceblast (21)
 W - a wand of polymorph (4)
Scrolls
 e - 10 scrolls of vulnerability
 g - 4 scrolls of identify {!d}
 q - 2 scrolls of silence {!r}
 y - 2 scrolls of poison
 C - a scroll of acquirement
 P - a scroll of magic mapping {!r!d}
 Q - 3 scrolls of fog
 R - a scroll of torment
 T - 4 scrolls of immolation {!d}
 X - 2 scrolls of amnesia
 Z - 2 scrolls of enchant armour
Potions
 f - 4 potions of might
 k - 8 potions of flight
 l - 10 potions of lignification {!d}
 s - 2 potions of attraction
 J - 6 potions of magic {!q!d}
 K - 6 potions of brilliance {!q!d}
 L - a potion of resistance {!q!d}
 U - 3 potions of mutation {!d}
 V - 4 potions of cancellation {!q!d}
Miscellaneous
 B - a phantom mirror (inert)


   Skills:
 - Level 15.0 Fighting
 - Level 16.0 Crossbows
 - Level 13.2 Armour
 - Level 3.1 Dodging
 - Level 4.0 Stealth
 * Level 11.3 Shields
 - Level 8.0 Transmutations
 * Level 4.7 Earth Magic
 - Level 9.0 Invocations


You had 13 spell levels left.
You knew the following spells:

 Your Spells              Type           Power      Damage    Failure   Level
a - Wereblood             Tmut           22%        N/A       3%          2

Your spell library contained the following spells:

 Spells                   Type           Power      Damage    Failure   Level
 Beastly Appendage        Tmut           44%        N/A       1%          1
 Spider Form              Tmut/Pois      11%        N/A       32%         3
 Petrify                  Tmut/Erth      17%        N/A       38%         4
 Foxfire                  Conj/Fire      0%         2x1d4     50%         1
 Sublimation of Blood     Necr           0%         N/A       63%         2
 Conjure Flame            Conj/Fire      0%         6-21      86%         3
 Mephitic Cloud           Conj/Pois/Air  0%         N/A       86%         3
 Irradiate                Conj/Tmut      5%         3d15      96%         5
 Airstrike                Air            0%         N/A       99%         4
 Animate Dead             Necr           0%         N/A       99%         4
 Summon Lightning Spire   Summ/Air       0%         N/A       99%         4
 Borgnjor's Vile Clutch   Necr/Erth      3%         N/A       99%         5
 Lightning Bolt           Conj/Air       0%         1d11      100%        5
 Death Channel            Necr           0%         N/A       100%        6


Dungeon Overview and Level Annotations

Branches:
Dungeon (15/15) Zot: 16915  Temple (1/1) D:4 Zot: 5891    Lair (6/6) D:10 Zot: 25822
 Shoals (0/4) Lair:4       Spider (0/4) Lair:2        Slime (0/5) Lair:5
    Orc (0/2) D:9          Vaults (0/5) D:14         Depths (2/4) D:15 Zot: 17866
Ossuary (visited)

Altars:
Ashenzari
Cheibriados
Dithmenos
Elyvilon
Fedhas
Gozag
Hepliaklqana
Kikubaaqudgha
Makhleb
Nemelex Xobeh
Okawaru
Qazlal
Ru
Sif Muna
Trog
Uskayaw
Vehumet
Wu Jian
Xom
Yredelemnul
Zin
The Shining One
Jiyva

Shops:
D:1 *   D:9 [(   D:10 [   D:13 :

Portals:
Hell: Depths:1
Trove: D:10 (give 2 scrolls of acquirement)

Annotations:
D:4 2 transporters, dolemite99's ghost, amateur DrIE
D:5 1 runed translucent door, Crazy Yiuf
D:11 Urug
D:12 exclusion: upstairs
D:14 3 runed translucent doors, exclusions: 3 doors, simulacrum and upstairs, Ireuh's ghost, journeyman TrMo
D:15 exclusion: centaur warrior
Lair:1 exclusion: oklob plant


Innate Abilities, Weirdness & Mutations

Your life essence is reduced to manifest your ancestor. (-10% HP)
You cannot be hasted, slowed, berserked, paralysed or teleported.
You can dig through walls and to a lower floor.
You have a pair of large antennae on your head. (SInv)
Your four strong arms can wield two-handed weapons with a shield.


Message History

The spriggan rider shouts!
You hear a shout!
The white draconian roars!
The spriggan air mage shouts!
The green draconian roars!
You hear a roar!
You hear a shout!
You hear a deafening roar! x2; You hear a roar! x2
Okay, then.
Kaladin is recalled.
Okay, then.
Really read
q - 3 scrolls of silence {!r}?
As you read the scroll of silence {!r}, it crumbles to dust.
A profound silence engulfs you.
The spriggan air mage hits you but does no damage.
Shoot: v) +0 arbalest
Press: ? - help, Q - select action, (/) - cycle Shift-Dir - straight line, f - spriggan air mage
Aim: a spriggan air mage, wearing a +0 robe (silenced, repelling missiles, 2% to hit)
You shoot a bolt.
The bolt completely misses the spriggan air mage.
You flicker for a moment.
The spriggan rider hits you from afar with a +0 spear.
* * * LOW HITPOINT WARNING * * *
You block the spriggan air mage's attack.
Kaladin misses the spriggan air mage.
A spriggan air mage comes into view.
Shoot: v) +0 arbalest
Press: ? - help, Q - select action, (/) - cycle Shift-Dir - straight line, f/p - spriggan air mage
Aim: a spriggan air mage, wearing a +0 robe (silenced, repelling missiles, 2% to hit)
You shoot a bolt.
The bolt closely misses the spriggan air mage.
You block the spriggan rider's attack. The spriggan rider misses you.
A spriggan defender comes into view.
It is wielding a +5 demon whip of electrocution and wearing a +1 robe of willpower.
A spriggan rider comes into view.
It is wielding a +0 spear and quivering curare-tipped darts.
The spriggan rider moves out of view.
Shoot: v) +0 arbalest
Press: ? - help, Q - select action, (/) - cycle Shift-Dir - straight line, f - spriggan defender
Aim: a spriggan defender, wielding a +5 demon whip of electrocution, wearing a +1 robe of willpower and wearing a +2 buckler (silenced, 47% to hit)
You shoot a bolt. The spriggan defender blocks the bolt.
The spriggan defender hits you but does no damage.
Kaladin closely misses the spriggan defender.
Kaladin hits the spriggan rider with a +0 broad axe of flaming!
Kaladin burns the spriggan rider.
You block the spriggan rider's attack.
The spriggan defender hits you with a +5 demon whip of electrocution!!
You die...

... ...
.. { ..
#.{
#ii{
###i##
#..Ri#
##..@#
#[..#
#...#
#....
#....
.....#
#.....#
#.....#


You could see the friendly Kaladin the knight, a spriggan defender (ally
target), a spriggan rider and a spriggan air mage (repels missiles).

Vanquished Creatures
  Bai Suzhen (Depths:2)
  An ettin (D:15)
  2 hydras
  2 vault guards
  Erolcha (D:10)
  2 two-headed ogres
  3 boulder beetles
  A catoblepas (D:14)
  A centaur warrior (D:14)
  2 tengu warriors (D:15)
  Sonja (Lair:3)
  2 skeletal warriors (D:13)
  2 harpies (Lair:6)
  A lindwurm (Lair:6)
  A deep elf zephyrmancer (D:15)
  2 ugly things
  A necromancer (D:15)
  3 wizards
  4 manticores
  An oklob plant (Lair:5)
  3 cyclopes
  4 black mambas
  10 elephants
  Joseph (D:7)
  An orange demon (Lair:3)
  A merfolk siren (Lair:4)
  A torpor snail (Lair:6)
  6 cane toads
  5 rime drakes
  An efreet (D:15)
  8 komodo dragons
  An unseen horror (D:11)
  A tengu conjurer (D:15)
  6 trolls
  A meliai (Lair:2)
  5 polar bears
  A troll (shapeshifter) (D:13)
  5 dream sheep (Lair:4)
  2 blink frogs (Lair:1)
  4 slime creatures
  4 wraiths
  3 shadows
  A culicivora (shapeshifter) (D:15)
  2 wyverns
  A human (shapeshifter) (D:15)
  36 yaks
  7 vampire mosquitoes
  4 basilisks
  Eustachio (D:5)
  3 steam dragons (Lair:6)
  7 water moccasins
  5 orc warriors
  2 black bears
  An ice beast (D:7)
  A sky beast (D:7)
  3 ogres (D:10)
  32 wolves
  6 centaurs
  A kobold brigand (D:8)
  A phantom (D:4)
  A necrophage (D:8)
  13 bullfrogs
  3 gnoll sergeants
  5 scorpions
  Dowan (D:7)
  3 wights (D:8)
  10 killer bees
  2 electric eels
  4 howler monkeys
  4 orc priests
  A jelly (D:6)
  Natasha (D:2)
  An iguana (D:6)
  9 orc wizards
  2 hell rats (Lair:4)
  8 mummies (Ossuary)
  5 adders
  13 gnolls
  6 river rats
  9 white imps
  4 ufetubi
  A worm (D:2)
  A dart slug (D:2)
  24 orcs
  8 endoplasms
  5 giant cockroaches
  10 goblins
  7 hobgoblins
  4 quokkas
  4 ball pythons
  4 bats
  3 frilled lizards (D:1)
  A hobgoblin zombie (Ossuary)
  9 kobolds
  4 kobold zombies (Ossuary)
  3 orc zombies (Ossuary)
  9 rats
424 creatures vanquished.

Vanquished Creatures (collateral kills)
  A sphinx (Depths:1)
  A frost giant (Depths:1)
  Snorg (D:10)
  Josephine (Lair:6)
  A hydra (Lair:3)
  2 vault guards (D:14)
  A merfolk avatar (Lair:6)
  A boulder beetle (D:13)
  2 two-headed ogres
  A centaur warrior (D:14)
  Amaemon (Lair:4)
  Lodul (D:10)
  A skeletal warrior (D:13)
  A deep troll (D:15)
  2 ugly things
  2 manticores
  A deep elf pyromancer (D:13)
  A cyclops (D:13)
  10 elephants
  3 black mambas
  2 gargoyles
  4 cane toads
  4 komodo dragons
  A tengu conjurer (D:15)
  A merfolk (shapeshifter) (D:8)
  A polar bear (Lair:3)
  2 hornets (Lair:6)
  2 slime creatures (D:12)
  A blink frog (Lair:1)
  A wind drake (Lair:6)
  3 dream sheep
  3 vampires
  Sigmund (D:3)
  32 yaks
  2 basilisks
  A wraith (D:9)
  6 vampire mosquitoes
  3 acid dragons
  2 water moccasins
  3 black bears
  Duvessa (D:7)
  2 black bears (shapeshifter) (D:13)
  4 ogres (D:10)
  8 wolves
  3 centaurs
  2 kobold brigands
  5 bullfrogs
  2 gnoll sergeants
  2 necrophages
  A wight (D:8)
  3 killer bees (D:9)
  3 howler monkeys
  An orc priest (D:7)
  2 iguanas (D:7)
  A hell rat (Lair:3)
  4 orc wizards
  6 gnolls
  6 river rats
  4 white imps (D:13)
  6 orcs
  3 kobolds
179 creatures vanquished.

Vanquished Creatures (others)
  A wizard (D:14)
  17 knights
  2 ancestors
  62 fungi
  69 plants
151 creatures vanquished.

Grand Total: 754 creatures vanquished

Notes
Turn   | Place    | Note
-------+----------+-------------------------------------------
     0 | D:1      | buhh the Formicid Hunter began the quest for the Orb.
     0 | D:1      | Reached XP level 1. HP: 16/16 MP: 1/1
   172 | D:1      | Reached XP level 2. HP: 13/23 MP: 2/2
   505 | D:1      | Found Buoweoh's General Store.
   553 | D:1      | Found a faded altar of an unknown god.
   637 | D:1      | You fall into a shaft and drop 1 floor!
   653 | D:2      | Reached XP level 3. HP: 28/28 MP: 3/3
   983 | D:2      | Identified the +4 trident "Kitogeg" {spect, Dex+4 SInv
                  | Stlth-}
  1016 | D:2      | Reached XP level 4. HP: 34/34 MP: 4/4
  1440 | D:2      | Noticed Natasha
  1447 | D:2      | Killed Natasha
  1740 | D:3      | Found a hazy altar of Hepliaklqana.
  1805 | D:3      | Reached XP level 5. HP: 41/41 MP: 5/5
  1927 | D:3      | Found a glowing golden altar of the Shining One.
  1993 | D:3      | Found a shimmering altar of Xom.
  1995 | D:3      | Noticed Sigmund
  2538 | D:4      | Identified a scroll of acquirement
  2600 | D:4      | Noticed a bullfrog
  2605 | D:4      | Killed a bullfrog
  2606 | D:4      | Reached XP level 6. HP: 47/48 MP: 6/6
  2851 | D:4      | Found a sand-covered staircase.
  2856 | Ossuary  | Entered an ossuary
  2931 | Ossuary  | Reached skill level 5 in Crossbows
  3489 | D:4      | Found a transporter.
  3491 | D:4      | Noticed dolemite99's ghost (amateur DrIE)
  3492 | D:4      | Found a transporter.
  3541 | D:4      | Reached XP level 7. HP: 55/55 MP: 7/7
  3808 | D:4      | Found a staircase to the Ecumenical Temple.
  3817 | Temple   | Entered the Ecumenical Temple
  4015 | D:3      | Became a worshipper of Hepliaklqana the Forgotten
  4108 | D:4      | Reached skill level 6 in Crossbows
  4260 | D:5      | Entered Level 5 of the Dungeon
  4302 | D:5      | Noticed a water moccasin
  4408 | D:5      | Noticed a two-headed ogre
  4555 | D:5      | Noticed Eustachio
  4573 | D:5      | Killed Eustachio
  4574 | D:5      | Reached skill level 7 in Crossbows
  4611 | D:5      | Found a runed translucent door.
  4612 | D:5      | Noticed Crazy Yiuf
  4637 | D:5      | Reached XP level 8. HP: 61/61 MP: 8/8
  5382 | D:6      | Reached skill level 8 in Crossbows
  5926 | D:6      | Reached * piety under Hepliaklqana
  6056 | D:6      | Reached skill level 9 in Crossbows
  6805 | D:7      | Reached XP level 9. HP: 57/61 MP: 9/9
  7138 | D:7      | Noticed Joseph
  7157 | D:7      | Killed Joseph
  7438 | D:7      | Reached ** piety under Hepliaklqana
  7439 | D:7      | Remembered your ancestor Kaladin as a knight
  7442 | D:7      | Noticed Dowan
  7487 | D:7      | You fall into a shaft and drop 3 floors!
  7487 | D:10     | Entered Level 10 of the Dungeon
  7702 | D:10     | You fall into a shaft and drop 3 floors!
  7725 | D:13     | Noticed a boulder beetle
  7726 | D:13     | Noticed a skeletal warrior
  7727 | D:13     | Noticed a skeletal warrior
  7808 | D:12     | Noticed a two-headed ogre
  7839 | D:12     | Noticed a red ugly thing
  7846 | D:11     | Noticed a gargoyle
  7851 | D:11     | HP: 3/64 [vampire mosquito (4)]
  7852 | D:11     | You fall into a shaft and drop 1 floor!
  7911 | D:13     | Identified the +6 fustibalus of Qessiph {freeze, rCorr}
  7911 | D:13     | Noticed a troll
  7917 | D:13     | You fall into a shaft and drop 1 floor!
  8166 | D:14     | Noticed a manticore
  8184 | D:14     | Killed a manticore
  8185 | D:14     | Reached skill level 10 in Crossbows
  8439 | D:14     | Noticed a wizard
  8447 | D:14     | Cast into level 2 of the Abyss (a wizard)
  8503 | D:14     | Escaped the Abyss
  8509 | D:14     | Killed a wizard
  8510 | D:14     | Reached XP level 10. HP: 68/74 MP: 10/10
  8553 | D:14     | Found a runed translucent gate.
  8553 | D:14     | Found a runed translucent gate.
  8554 | D:14     | Found a runed translucent gate.
  8623 | D:13     | Noticed a gargoyle
  8623 | D:13     | Noticed a cyclops
  8689 | D:14     | Noticed a cyclops
  8801 | D:14     | Noticed a white ugly thing
  8814 | D:14     | Noticed a red ugly thing
  8860 | D:13     | Killed a cyclops
  8861 | D:13     | Reached skill level 11 in Fighting
  8864 | D:13     | Found Ymeamih's Book Shoppe.
  8865 | D:13     | Noticed a boulder beetle
  9067 | D:11     | Noticed an unseen horror
  9076 | D:11     | Killed an unseen horror
  9131 | D:11     | Identified the +8 flail "Qakuvvej" {elec, rF+ Will+}
  9165 | D:10     | Found an iron altar of Okawaru.
  9426 | D:10     | Found Oceujez's Antique Armour Emporium.
  9502 | D:9      | Reached *** piety under Hepliaklqana
  9948 | D:9      | Reached XP level 11. HP: 88/88 MP: 11/11
 10689 | D:7      | Noticed Duvessa
 10870 | D:5      | Killed a two-headed ogre
 11072 | D:5      | Reached skill level 15 in Fighting
 11295 | D:3      | Killed Sigmund
 11305 | D:3      | Found a basalt altar of Yredelemnul.
 11306 | D:3      | Found a glowing silver altar of Zin.
 11500 | D:8      | Noticed a cyclops
 11761 | D:8      | Noticed an alligator
 11767 | D:8      | You fall into a shaft and drop 1 floor!
 12009 | D:9      | Identified the +7 chain mail of Complete Protection
                  | {*Corrode rElec rC++}
 12026 | D:9      | Noticed a manticore
 12036 | D:9      | Killed a manticore
 12112 | D:9      | Found a staircase to the Orcish Mines.
 12113 | D:9      | Found Xemuorgh's Weapon Shoppe.
 12119 | D:9      | Reached skill level 11 in Crossbows
 12129 | D:9      | Found Yhenealo's Armour Shoppe.
 12140 | D:9      | Reached **** piety under Hepliaklqana
 12144 | D:9      | Bought a +0 buckler for 76 gold pieces
 12516 | D:10     | Bought a pair of runed gloves for 165 gold pieces
 12607 | D:10     | Noticed Snorg
 12848 | D:10     | Reached XP level 12. HP: 85/98 MP: 12/12
 12853 | D:10     | Reached skill level 12 in Crossbows
 12873 | D:10     | Noticed Erolcha
 13121 | D:10     | Acquired 1023 gold pieces
 13175 | D:10     | You fall into a shaft and drop 3 floors!
 13194 | D:13     | Noticed a six-headed hydra
 13201 | D:13     | You fall into a shaft and drop 1 floor!
 13227 | D:13     | Noticed a boulder beetle
 13258 | D:14     | Noticed a centaur warrior
 13267 | D:14     | Killed a centaur warrior
 13589 | D:12     | You fall into a shaft and drop 2 floors!
 13784 | D:14     | Noticed a centaur warrior
 13795 | D:15     | Entered Level 15 of the Dungeon
 14143 | D:14     | Noticed a vault guard
 14147 | D:14     | Noticed a vault guard
 14149 | D:14     | Noticed a two-headed ogre
 14670 | D:15     | Noticed a boulder beetle
 14946 | D:15     | Noticed a tengu warrior
 15047 | D:15     | Killed a boulder beetle
 15327 | D:15     | Noticed a centaur warrior
 15367 | D:15     | Noticed a deep troll
 15376 | D:15     | Killed a deep troll
 15383 | D:15     | Noticed an ettin
 15397 | D:15     | Killed an ettin
 15660 | D:15     | Found a staircase to the Depths.
 15912 | D:12     | Killed a two-headed ogre
 16086 | D:12     | You fall into a shaft and drop 3 floors!
 16483 | D:15     | Killed a two-headed ogre
 16484 | D:15     | Reached XP level 13. HP: 66/103 MP: 16/16
 16491 | D:15     | Killed a vault guard
 17512 | D:11     | Noticed Urug
 17890 | D:11     | You fall into a shaft and drop 2 floors!
 18198 | D:12     | Learned a level 2 spell: Wereblood
 19244 | D:10     | Killed Erolcha
 19254 | D:10     | Found a staircase to the Lair.
 20020 | D:10     | Noticed Lodul
 20027 | D:10     | Killed Lodul
 20052 | D:10     | Killed Snorg
 20239 | D:10     | Found a portal to a secret trove of treasure.
 20418 | D:8      | Got the Compendium of Confrontation
 20438 | D:8      | Identified the +4 morningstar of Drought {protect, Will+
                  | Dex+4}
 20444 | D:8      | You fall into a shaft and drop 2 floors!
 20492 | D:10     | Bought an ichor-stained ring mail for 198 gold pieces
 20492 | D:10     | Identified the +0 ring mail of Fallacy {Int+2 Dex+2} (You
                  | bought it in a shop on level 10 of the Dungeon)
 20533 | D:8      | Noticed a great orb of eyes
 21158 | D:7      | Killed Duvessa
 21171 | D:7      | Killed Dowan
 21715 | Lair:1   | Entered Level 1 of the Lair of Beasts
 22407 | Lair:1   | Reached XP level 14. HP: 110/110 MP: 18/18
 22803 | Lair:2   | Found a hole to the Spider Nest.
 23207 | Lair:2   | Reached ***** piety under Hepliaklqana
 23766 | Lair:3   | Identified the +0 cloak of Ashenzari's Scorn {rF+ Will+
                  | Str+4}
 23955 | Lair:3   | Noticed Amaemon
 24189 | Lair:3   | Reached skill level 13 in Crossbows
 24566 | Lair:3   | Reached skill level 14 in Crossbows
 24885 | Lair:3   | Noticed Sonja
 24903 | Lair:3   | Killed Sonja
 25660 | Lair:4   | Killed Amaemon
 25970 | Lair:4   | Reached skill level 15 in Crossbows
 26157 | Lair:4   | Reached XP level 15. HP: 92/116 MP: 19/19
 26581 | Lair:4   | Found a staircase to the Shoals.
 27034 | Lair:5   | Reached skill level 16 in Crossbows
 27443 | Lair:5   | Found a staircase to the Slime Pits.
 27443 | Lair:5   | Found a viscous altar of Jiyva.
 27875 | Lair:6   | Entered Level 6 of the Lair of Beasts
 28299 | Lair:6   | Reached skill level 11 in Armour
 28520 | Lair:6   | Noticed Josephine
 28527 | Lair:6   | Killed Josephine
 29978 | D:14     | Reached XP level 16. HP: 81/122 MP: 22/22
 30391 | D:14     | Noticed Ireuh's ghost (journeyman TrMo)
 30579 | D:14     | Found a gate to the Vaults.
 31103 | Depths:1 | Entered Level 1 of the Depths
 31103 | Depths:1 | Noticed a sphinx
 31103 | Depths:1 | Noticed a frost giant
 31111 | Depths:1 | Killed a frost giant
 31114 | Depths:1 | Killed a sphinx
 31115 | Depths:1 | Reached skill level 11 in Shields
 31164 | Depths:1 | Found a gateway to Hell.
 31164 | Depths:1 | You fall into a shaft and drop 1 floor!
 31178 | Depths:2 | Noticed Bai Suzhen
 31208 | Depths:2 | HP: 6/122 [Bai Suzhen (3)]
 31209 | Depths:2 | Killed Bai Suzhen
 31227 | Depths:2 | You fall into a shaft and drop 2 floors!
 31227 | Depths:4 | Entered Level 4 of the Depths
 31233 | Depths:4 | Demolished by a spriggan defender

Illustrated notes

Levels and vault maps discovered:
D:1:      dpeg_arrival_castle, layout_loops_cross, serial_shops, shop_statue,
          ebering_ecumenical_altar_hall
D:2:      layout_basic, mrwooster_statue_mirror, uniq_natasha
D:3:      layout_rooms, worldfamousw_hep_ancestral_shrine,
          nicolae_tso_carved_into_rock, gammafunk_temple_overflow_forgotten,
          minmay_fractal_squares_gapless_5, uniq_sigmund
D:4:      layout_loops_ring, minmay_temple_entry_poolview,
          gammafunk_ghost_mausoleum, enter_ossuary_2, serial_bayou_pond_e
D:5:      layout_cave_pods, uniq_eustachio, uniq_crazy_yiuf_cottage
D:6:      layout_cave_pods, nicolae_concentric_dashed_squares_mild,
          dreamdust_princess_corridor, hangedman_decor_peaks_small
D:7:      layout_gridville, minivault_14, wad_floor_pattern_1, uniq_duvessa,
          uniq_joseph
D:8:      minmay_the_grid_square_5x5_3x3
          [minmay_the_grid_square_5x5_inverted_slash,
          minmay_the_grid_square_5x5_minivault,
          minmay_the_grid_square_5x5_doubleslash,
          minmay_the_grid_square_5x5_almost_minimal,
          minmay_the_grid_square_5x5_megaprize_checkered,
          minmay_the_grid_square_5x5_fat_x,
          minmay_the_grid_square_5x5_checkered_statues,
          minmay_the_grid_square_5x5_gyroscope,
          minmay_the_grid_square_5x5_forky], layout_basic
D:9:      layout_stronghold, orc_david_3, nicolae_wwwww
D:10:     nicolae_cairo_tiling_large_dashed, layout_basic,
          mainiacjoe_overflow_tiny_flanked, grunt_lair_entry_orc_guard_hut,
          serial_shops, nicolae_shop_hallway_stairs, enter_trove_3,
          uniq_erolcha, uniq_snorg, uniq_lodul
D:11:     layout_loops_ring, gauntlet_entry_generic, centaur_isle, uniq_urug
D:12:     layout_roguey, chequers_jeans
D:13:     layout_rooms, portal_ice_cave_entry_imps, serial_shops, shop,
          grunt_ministairs_10, corner_web_ring
D:14:     layout_roguey, lightli_vaults_fourway_checkpoint, gammafunk_ghost_icy,
          skrybe_limestone_x, kennysheep_nondescript
D:15:     hangedman_depths_entry_civil_slaughter, layout_loops_corners
Temple:   lightli_temple_of_artemis
Lair:1:   dpeg_oklob_gauntlet, layout_cave_shapes, st_stairs_12, minivault_23,
          serial_bayou_ford_a, serial_bayou_shore_a
Lair:2:   layout_concentric_octagons, hellmonk_spider_entry_not_the_bees,
          minmay_holes
Lair:3:   layout_cave_pods, kennysheep_abandoned_house, grunt_megastairs_4,
          uniq_sonja, uniq_amaemon
Lair:4:   layout_loops_ring, minmay_shoals_entry_lonely_mermaid,
          kennysheep_rathole
Lair:5:   layout_roguey, slime_altar_1, minmay_lair_oklob_bushes,
          infiniplex_staircase_pool_2, grunt_megastairs_1
Lair:6:   gammafunk_lair_ancient_temple, layout_misc_corridors,
          chequers_serial_rivers_micro_d, uniq_josephine
Depths:1: cheibrodos_quadrivalence, layout_cave_shapes, enter_ziggurat_a,
          serial_shops, bzr_entry_safe, abyss_entry, hell_entry,
          minmay_misc_feat_diagonals, kennysheep_kite_vault,
          serial_bayou_shore_b, uniq_nikola, uniq_sojobo
Depths:2: minmay_inside_and_out, layout_twisted_cross, rand_demon_pan_entry_5,
          serial_shops, nicolae_shop_behind_doors, hell_entry,
          hangedman_abyss_or_decor_jellyfish_corner, kennysheep_dice,
          uniq_enchantress, uniq_bai_suzhen
Depths:4: grunt_zot_entry_alcove, layout_honeycomb, grunt_mini_vestibule,
          serial_shops, nicolae_inconvenience_store, cheibrodos_ashenzari_chains

Skill      XL: |  1  2  3  4  5  6  7  8  9 10 11 12 13 14 15 16 |
---------------+-------------------------------------------------+-----
Dodging        | 2 3 |  3.1
Stealth        | 2 3 4 |  4.0
Fighting       | 3 4 5 9 13 15 | 15.0
Crossbows      | 5 7 9 10 11 12 15 16 | 16.0
Shields        | 7 10 11 | 11.3
Armour         | 6 10 13 | 13.2
Invocations    | 5 6 9 |  9.0
Transmutations | 6 7 8 |  8.0
Earth Magic    | 1 4 |  4.7

Action                   |  1- 3 |  4- 6 |  7- 9 | 10-12 | 13-15 | 16-18 || total
-------------------------+-------+-------+-------+-------+-------+-------++-------
 Fire: Hand crossbow     |    76 |   188 |   223 |   572 |  1050 |       ||  2109
       Arbalest          |       |       |       |       |   130 |    93 ||   223
Invok: Ancestor Identity |       |       |     2 |       |       |       ||     2
       Recall Ancestor   |       |       |     1 |     6 |     6 |     3 ||    16
       Ancestor Life: Kn |       |       |     1 |       |       |       ||     1
       Transference      |       |       |       |     3 |     6 |     1 ||    10
       Idealise          |       |       |       |       |     2 |     1 ||     3
 Abil: Dig               |     1 |       |       |       |     2 |       ||     3
       Shaft Self        |       |       |     3 |     5 |     2 |     1 ||    11
Evoke: Wand              |       |       |     6 |       |       |       ||     6
       Phantom mirror    |       |       |       |       |       |     1 ||     1
  Use: Scroll            |       |    10 |    14 |     7 |     5 |     7 ||    43
       Potion            |       |     1 |     4 |     1 |     5 |    10 ||    21
Armor: Leather armour    |     2 |     9 |    17 |    30 |    57 |    12 ||   127
Dodge: Dodged            |    17 |    93 |   154 |   149 |   249 |    18 ||   680
       Repelled          |       |       |     3 |     2 |     2 |       ||     7
Block: Buckler           |       |       |       |    37 |   120 |     8 ||   165
       Kite shield       |       |       |       |       |       |    12 ||    12

Table legend: (Time is in decaauts)
 A = Elapsed time spent in this place.
 B = Non-inter-level travel time spent in this place.
 C = Inter-level travel time spent in this place.
 D = Time resting spent in this place.
 E = Time spent auto-exploring this place.
 F = Levels seen in this place.
 G = Mean time per level.
                   A        B        C        D        E       F      G
               +--------+--------+--------+--------+--------+-----+--------+
         Total |  31535 |  29073 |   2462 |   5474 |  17449 |  27 | 1168.0 |
       Dungeon |  23346 |  21214 |   2132 |   5176 |  11511 |  15 | 1556.4 |
        Temple |    108 |     93 |     15 |      0 |     85 |   1 |  108.0 |
          Lair |   7388 |   7073 |    315 |    101 |   5611 |   6 | 1231.3 |
        Depths |    132 |    132 |      0 |     50 |      0 |   3 |   44.0 |
         Abyss |     55 |     55 |      0 |      0 |     50 |   1 |   55.0 |
       Ossuary |    504 |    504 |      0 |    147 |    192 |   1 |  504.0 |
               +--------+--------+--------+--------+--------+-----+--------+

Top non-repeatable levels by time:
    D:15: 3619 daAuts
    D:10: 2415 daAuts
    D:14: 2233 daAuts
  Lair:3: 1707 daAuts
     D:9: 1565 daAuts
     D:7: 1485 daAuts
     D:6: 1456 daAuts
  Lair:4: 1398 daAuts
    D:12: 1346 daAuts
     D:4: 1336 daAuts
     D:3: 1323 daAuts
     D:5: 1306 daAuts
     D:8: 1298 daAuts
  Lair:2: 1196 daAuts
    D:11: 1144 daAuts
